 Dungeon Crawl Stone Soup version 0.25-a0-1119-g28b6fd0c3b (webtiles) character file.

Game seed: 14309463115900467953, levelgen mode: deterministic

128 Esekla the Magician (level 5, -3/33 HPs)
             Began as an Octopode Wizard on May 18, 2020.
             Slain by Natasha (7 damage)
             ... on level 2 of the Dungeon.
             The game lasted 00:20:03 (3095 turns).

Esekla the Magician (Octopode Wizard)               Turns: 3095, Time: 00:20:03

Health: -3/33      AC:  1    Str:  8    XL:     5   Next: 12%
Magic:  3/11       EV: 13    Int: 20    God:
Gold:   190        SH:  0    Dex: 10    Spells: 6/12 levels left

rFire    . . .     SeeInvis .   b - +0 dagger
rCold    . . .     Gourm    .   (no shield)
rNeg     . . .     Faith    .   a - +0 hat
rPois    .         Spirit   .   (no amulet)
rElec    .         Reflect  .   e - ring of attention (curse)
rCorr    .         Harm     .   (no ring)
MR       .....                  (no ring)
Stlth    ++........             (no ring)
HPRegen  0.11/turn              (no ring)
MPRegen  0.12/turn              (no ring)
                                (no ring)
                                (no ring)

@: very slightly contaminated
A: almost no armour, stealthy swim, amphibious, 8 rings, constrict 8, camouflage
1, gelatinous body 1
a: no special abilities


You were on level 2 of the Dungeon.
You were not hungry.

You visited 1 branch of the dungeon, and saw 3 of its levels.

You collected 190 gold pieces.

Inventory:

Hand Weapons
 b - a +0 dagger (weapon)
 l - a +2 vorpal war axe
Missiles
 f - 28 poisoned darts (quivered)
Armour
 a - a +0 hat (worn)
Jewellery
 e - a cursed ring of attention (left tentacle)
Scrolls
 g - a scroll of identify
 i - a scroll of fog {unknown}
 j - a scroll of remove curse {unknown}
Potions
 d - a potion of might
 h - a potion of curing
 k - a potion of lignification
Comestibles
 c - 9 rations


   Skills:
 * Level 1.3 Fighting
 + Level 1.1 Short Blades
 + Level 2.2 Dodging
 + Level 3.0 Stealth
 * Level 4.1 Spellcasting
 * Level 2.0 Conjurations
   Level 1.0 Summonings
 * Level 1.3 Translocations
 * Level 0.8 Poison Magic


You had 6 spell levels left.
You knew the following spells:

 Your Spells              Type           Power        Failure   Level  Hunger
a - Magic Dart            Conj           ##..         5%          1    None
b - Blink                 Tloc           N/A          11%         2    #......
c - Mephitic Cloud        Conj/Pois/Air  #.......     26%         3    ###....

Your spell library contained the following spells:

 Spells                   Type           Power        Failure   Level  Hunger
 Call Imp                 Summ           #.......     13%         2    #......
 Slow                     Hex            #.......     19%         2    #......
 Conjure Flame            Conj/Fire      #.......     26%         3    ###....


Dungeon Overview and Level Annotations

Branches:
Dungeon (3/15)

Altars:
The Shining One

Annotations:
D:2 Natasha
D:3 1 runed translucent door, Crazy Yiuf


Innate Abilities, Weirdness & Mutations

You cannot wear most types of armour.
You are very stealthy in the water. (Stealth+)
You are amphibious.
You can wear up to eight rings at the same time.
You can use your tentacles to constrict eight enemies at once.
Your skin changes colour to match your surroundings (Stealth+).
Your rubbery body absorbs attacks. (AC +1, EV +1)


Message History

Natasha is engulfed in noxious fumes.
Casting: Mephitic Cloud (quite dangerous; 26% risk of failure)
Confirm with . or Enter, or press ? or * to list all spells.
The spell is quite dangerous to cast (26% risk of failure)!
Continue anyway? [Y]es or [N]o only, please.
The spell is quite dangerous to cast (26% risk of failure)!
Continue anyway?
Okay, then.
Natasha barely misses you.
There is an open door here.
You hit Natasha but do no damage. Your grab misses Natasha.
Natasha is lightly wounded.
Natasha claws you!
You hit Natasha but do no damage. Your grab misses Natasha.
Natasha is lightly wounded.
Natasha claws you!
* * * LOW HITPOINT WARNING * * *
Casting: Mephitic Cloud (quite dangerous; 26% risk of failure)
Confirm with . or Enter, or press ? or * to list all spells.
You miscast Blink.
Nothing appears to happen.
Natasha claws you!
You die...

#...............# #.####.
#...............# #.# #.
#.#####.........# #.####.
##+###.+.........# #.##...
#......#.........###<...##
##....###...#'######...####
#......######.........(..##
#......#####....#####....#.
#..>......@hS...'...#....#.
#......#####....###.#....#.
####......#
#.............##
#.........#
##......#.....##
#.######### #......#.....#
#.# #............## #.#
#............## #.#
#............#. #.#
###..........#.


You could see Natasha and an adder.

Vanquished Creatures
  Natasha (D:2)
  Robin (D:2)
  An adder (D:2)
  An ooze (D:2)
  5 dart slugs
  A worm (D:2)
  A leopard gecko (D:2)
  A ball python (D:3)
  2 giant cockroaches
  12 goblins
  10 hobgoblins
  4 jackals (D:1)
  5 kobolds
  2 quokkas (D:2)
  4 bats
  5 frilled lizards
  8 rats
64 creatures vanquished.

Notes
Turn   | Place    | Note
-------+----------+-------------------------------------------
     0 | D:1      | Esekla the Octopode Wizard began the quest for the Orb.
     0 | D:1      | Reached XP level 1. HP: 11/11 MP: 4/4
   291 | D:1      | Reached XP level 2. HP: 17/17 MP: 4/6
   296 | D:1      | Learned a level 2 spell: Blink
   382 | D:2      | Noticed Natasha
   932 | D:1      | Found a glowing golden altar of the Shining One.
  1001 | D:1      | Reached XP level 3. HP: 16/22 MP: 4/8
  1882 | D:2      | Reached skill level 1 in Fighting
  1882 | D:2      | Reached XP level 4. HP: 19/28 MP: 4/9
  2260 | D:2      | Killed Natasha
  2260 | D:2      | Reached skill level 4 in Spellcasting
  2275 | D:2      | Reached skill level 1 in Short Blades
  2357 | D:2      | Learned a level 3 spell: Mephitic Cloud
  2701 | D:3      | Found a runed translucent door.
  2702 | D:3      | Noticed Crazy Yiuf
  2757 | D:3      | Noticed Robin
  2796 | D:2      | Killed Robin
  2796 | D:2      | Reached XP level 5. HP: 10/33 MP: 6/11
  3086 | D:2      | Noticed Natasha
  3095 | D:2      | Slain by Natasha

Illustrated notes

Levels and vault maps discovered:
D:1:      dpeg_arrival_tiny_c, layout_rooms, tso_metal_star
D:2:      kennysheep_six_static_rooms, layout_basic, roderic_roman_lattice,
          uniq_natasha
D:3:      layout_rooms, first_ration, kennysheep_generic_room_6,
          uniq_crazy_yiuf_cottage, uniq_robin

Skill      XL: |  1  2  3  4  5 |
---------------+----------------+-----
Fighting       | 1 |  1.3
Stealth        | 3 |  3.0
Spellcasting   | 4 |  4.1
Short Blades   | 1 |  1.1
Conjurations   | 2 |  2.0
Dodging        | |  2.2
Summonings     | |  1.0
Translocations | |  1.3
Poison Magic   | |  0.8

Action                   |  1- 3 |  4- 6 || total
-------------------------+-------+-------++-------
Melee: Unarmed           |     4 |       ||     4
       Constrict         |    21 |    14 ||    35
       Tentacles         |    12 |     2 ||    14
       Dagger            |    55 |    52 ||   107
Throw: Dart              |       |     2 ||     2
 Cast: Magic Dart        |    58 |    27 ||    85
       Blink             |       |     2 ||     2
       Mephitic Cloud    |       |     1 ||     1
  Use: Scroll            |     2 |     2 ||     4
 Stab: Sleeping          |     1 |     3 ||     4
  Eat: Chunk             |     3 |     4 ||     7
Armor: Skin              |     5 |     2 ||     7
Dodge: Dodged            |    42 |    30 ||    72

Table legend:
 A = Non-vault XP
 B = Vault XP
 C = Vault XP percentage of total XP
 D = Non-vault monster count
 E = Vault monster count
 F = Vault count percentage of total count
                 A         B        C        D         E       F
            +---------+---------+-------+---------+---------+-------
      Total |     102 |      82 |  44.6 |      47 |      17 |  26.6
            +---------+---------+-------+---------+---------+-------
        D:1 |      47 |       0 |   0.0 |      25 |       0 |   0.0
        D:2 |      49 |      64 |  56.6 |      18 |       8 |  30.8
        D:3 |       6 |      18 |  75.0 |       4 |       9 |  69.2
            +---------+---------+-------+---------+---------+-------
